 Dungeon Sprint DCSS version 0.27.1-33-g824d729ab1 (webtiles) character file.

Game seed: 10486785081794358064

633 manyhoops the Blocker (level 7, -5/60 HPs)
             Began as a Formicid Fighter on Nov 27, 2021.
             Was an Initiate of Cheibriados.
             Slain by a centaur warrior (8 damage)
             ... in the Dungeon (Sprint I: "Red Sonja").
             The game lasted 00:01:24 (348 turns).

manyhoops the Blocker (Formicid Fighter)             Turns: 348, Time: 00:01:26

Health: -5/60      AC:  7    Str: 23    XL:     7   Next: 78%
Magic:  7/7        EV: 10    Int:  9    God:    Cheibriados [......]
Gold:   405        SH: 12    Dex: 11    Spells: 6/6 levels left

rFire    . . .     SeeInvis +   a - +0 flail
rCold    . . .     Faith    .   c - +0 kite shield
rNeg     . . .     Spirit   .   b - +0 scale mail
rPois    .         Reflect  .   (helmet unavailable)
rElec    .         Harm     .   (no cloak)
rCorr    .         Rampage  .   (no gloves)
Will     .....                  (no boots)
Stlth    ..........             (no amulet)
HPRegen  0.20/turn              (no ring)
MPRegen  0.10/turn              (no ring)

@: brilliant, very slow
A: permanent stasis, dig shafts and tunnels, antennae 3, four strong arms
a: Dig, Renounce Religion, Bend Time


You were in the Dungeon.
You worshipped Cheibriados.
Cheibriados was noncommittal.
You visited 1 branch You collected 405 gold pieces.

Inventory:

Hand Weapons
 a - a +0 flail (weapon)
Armour
 b - a +0 scale mail (worn)
 c - a +0 kite shield (worn)
Potions
 e - a potion of curing
 g - 2 potions of magic


   Skills:
 + Level 7.1 Fighting
 + Level 10.6 Maces & Flails
 + Level 7.1 Armour
 - Level 10.7 Shields


You had 6 spell levels left.
You didn't know any spells.
Your spell library was empty.

Dungeon Overview and Level Annotations

Branches:
Dungeon (1/1)

Altars:
Cheibriados
Dithmenos
Elyvilon
Fedhas
Gozag
Hepliaklqana
Kikubaaqudgha
Makhleb
Nemelex Xobeh
Okawaru
Qazlal
Ru
Sif Muna
Trog
Uskayaw
Vehumet
Wu Jian
Xom
Yredelemnul
Zin
The Shining One
Jiyva
Lugonu

Shops:
D ?


Innate Abilities, Weirdness & Mutations

You cannot be hasted, slowed, berserked, paralysed or teleported.
You can dig through walls and to a lower floor.
You have a pair of large antennae on your head. (SInv)
Your four strong arms can wield two-handed weapons with a shield.


Message History

The centaur warrior wields a +0 shortbow.
The centaur warrior shoots an arrow.
You block the arrow.
The centaur warrior shoots an arrow.
You block the arrow.
There is an open door here.
You see here a +0 dagger.
You close the door.
Something unseen opens the door.
The centaur warrior shoots an arrow.
The arrow hits you!!
The centaur warrior unwields a +0 shortbow.
The centaur warrior hits you but does no damage.
The centaur warrior kicks you.
The centaur warrior unwields a +0 shortbow.
The centaur warrior hits you! You block the centaur warrior's attack.
The centaur warrior hits you. The centaur warrior kicks you.
* * * LOW HITPOINT WARNING * * *
There is an open door, spattered with blood here.
You feel much better. The centaur warrior barely misses you.
The centaur warrior kicks you but does no damage.
The centaur warrior hits you! The centaur warrior kicks you.
The centaur warrior hits you.
The centaur warrior kicks you but does no damage.
Unknown command.
It was a potion of cancellation.
You feel magically purged. The centaur warrior hits you!
* * * LOW HITPOINT WARNING * * *
The centaur warrior kicks you.
* * * LOW HITPOINT WARNING * * *
The centaur warrior hits you!
* * * LOW HITPOINT WARNING * * *
The centaur warrior kicks you but does no damage.
The centaur warrior hits you but does no damage.
You block the centaur warrior's attack.
Found a flail.
It was a potion of brilliance.
You feel clever all of a sudden. The centaur warrior hits you.
* * * LOW HITPOINT WARNING * * *
The centaur warrior kicks you.
* * * LOW HITPOINT WARNING * * *
The centaur warrior hits you!
You die...

#####################
<.#..').#..'..#__#..+
{
..)..#..').#..'..'..#
{
..#####'#####'#__####{
{
..####..#...#.####§)#
{
..#__####..##.#§§§§.#
..#_____##'#_.§§§§§.+
{
⌠⌠#_.∩...'..._#§cc§.#
###_..__##_.#'##@###
#_____###+#[#§?§§# {
####### ####+### { { {
{ { {{ { { {


You could see 2 centaur warriors.

Vanquished Creatures
  A slime creature (D)
  Sigmund (D)
  A yak (D)
  An ogre (D)
  A jelly (D)
  Ijyb (D)
6 creatures vanquished.

Notes
Turn   | Place    | Note
-------+----------+-------------------------------------------
     0 | D        | manyhoops the Formicid Fighter began the quest for the Orb.
     0 | D        | Reached XP level 1. HP: 18/18 MP: 1/1
     1 | D        | Noticed Ijyb
     4 | D        | Killed Ijyb
     5 | D        | Reached skill level 5 in Maces & Flails
     5 | D        | Reached XP level 2. HP: 24/24 MP: 2/2
     5 | D        | Reached XP level 3. HP: 29/29 MP: 3/3
     8 | D        | Noticed an ogre
    12 | D        | Killed an ogre
    13 | D        | Reached XP level 4. HP: 35/35 MP: 4/4
    13 | D        | Reached XP level 5. HP: 41/41 MP: 5/5
    22 | D        | Noticed Sigmund
    31 | D        | Killed Sigmund
    32 | D        | Reached skill level 10 in Shields
    32 | D        | Reached XP level 6. HP: 35/47 MP: 6/6
    89 | D        | Found an ornate altar of the Wu Jian Council.
    89 | D        | Found a shimmering blue altar of Sif Muna.
    91 | D        | Found a radiant altar of Vehumet.
   105 | D        | Found Vokacof's Magic Scroll Emporium.
   105 | D        | Found an ancient bone altar of Kikubaaqudgha.
   105 | D        | Found a hazy altar of Hepliaklqana.
   105 | D        | Found a stormy altar of Qazlal.
   105 | D        | Found a hide-covered altar of Uskayaw.
   105 | D        | Found a blossoming altar of Fedhas.
   105 | D        | Found a bloodstained altar of Trog.
   105 | D        | Found an iron altar of Okawaru.
   105 | D        | Found a basalt altar of Yredelemnul.
   105 | D        | Found a glowing golden altar of the Shining One.
   105 | D        | Found a snail-covered altar of Cheibriados.
   105 | D        | Found a sacrificial altar of Ru.
   105 | D        | Found a glowing silver altar of Zin.
   105 | D        | Found a shadowy altar of Dithmenos.
   105 | D        | Found a white marble altar of Elyvilon.
   105 | D        | Noticed a yak
   112 | D        | Killed a yak
   113 | D        | Reached skill level 5 in Fighting
   113 | D        | Reached skill level 10 in Maces & Flails
   113 | D        | Reached skill level 5 in Armour
   113 | D        | Reached XP level 7. HP: 49/57 MP: 7/7
   113 | D        | Found an opulent altar of Gozag.
   114 | D        | Found a sparkling altar of Nemelex Xobeh.
   118 | D        | Became a worshipper of Cheibriados the Contemplative
   145 | D        | Found a burning altar of Makhleb.
   145 | D        | Found a viscous altar of Jiyva.
   145 | D        | Found a shimmering altar of Xom.
   145 | D        | Found a corrupted altar of Lugonu.
   145 | D        | Noticed a slime creature
   158 | D        | Killed a slime creature
   341 | D        | Noticed a centaur warrior
   342 | D        | Noticed a centaur warrior
   348 | D        | HP: 3/60 [centaur warrior (2)]
   348 | D        | Slain by a centaur warrior

Illustrated notes

Levels and vault maps discovered:
D:        dungeon_sprint_1 [red_sonja_temple_1, red_sonja_temple_small_1]

Skill      XL: |  1  2  3  4  5  6  7 |
---------------+----------------------+-----
Maces & Flails | 5 9 10 | 10.6
Shields        | 10 | 10.7
Fighting       | 5 7 |  7.1
Armour         | 5 7 |  7.1

Action                   |  1- 3 |  4- 6 |  7- 9 || total
-------------------------+-------+-------+-------++-------
Melee: Flail             |     4 |    17 |    12 ||    33
  Use: Potion            |     1 |       |     3 ||     4
Armor: Scale mail        |       |     2 |     6 ||     8
Dodge: Dodged            |     2 |     2 |     2 ||     6
Block: Kite shield       |     1 |     6 |    10 ||    17
